 Dungeon Crawl Stone Soup version 0.23.2 (webtiles) character file.

Game seed: 17542571961621766709

69456 Kairos the Impaler (level 15, -3/126 HPs)
             Began as a Formicid Abyssal Knight on Apr 10, 2019.
             Was the Champion of Lugonu.
             Slain by a jumping spider (6 damage)
             ... on level 1 of the Spider Nest.
             The game lasted 01:06:10 (23610 turns).

Kairos the Impaler (Formicid Abyssal Knight)       Turns: 23610, Time: 01:06:11

Health: -3/126     AC: -3    Str: 26    XL:     15   Next: 74%
Magic:  18/19      EV: 11    Int: 16    God:    Lugonu [******]
Gold:   1499       SH:  5    Dex: 10    Spells: 11/14 levels left

rFire    + . .     SeeInvis +   G - +1 halberd (vamp)
rCold    + . .     Gourm    .   y - +0 buckler
rNeg     + + .     Faith    .   U - +2 chain mail {rPois}
rPois    +         Spirit   .   (helmet unavailable)
rElec    .         Reflect  .   o - +1 cloak
rCorr    .         Harm     .   V - +0 pair of gloves
MR       ++...                  (no boots)
Stlth    ..........             (no amulet)
HPRegen  0.31/turn              d - ring "Ypytor" {rC+ rN++ AC+2 Str+4}
MPRegen  0.16/turn              S - ring of Qyan {rF+ MR+ Int+3}

@: corroded
A: permanent stasis, dig shafts and tunnels, four strong arms, antennae 3
a: Dig, Shaft Self, Depart the Abyss, Bend Space, Banish, Corrupt, Enter the
Abyss, Brand Weapon With Distortion, Renounce Religion


You were on level 1 of the Spider Nest.
You worshipped Lugonu.
Lugonu was exalted by your worship.
You were not hungry.

You visited 3 branches of the dungeon, and saw 19 of its levels.
You visited the Abyss 1 time.
You also visited: Sewer.

You collected 1499 gold pieces.

Inventory:

Hand Weapons
 k - a +3 halberd
 G - a +1 vampiric halberd (weapon)
 K - a +0 demon trident
Missiles
 i - 8 silver javelins
 t - 4 throwing nets (quivered)
Armour
 g - a scarf of cloud immunity
 o - a +1 cloak (worn)
 p - the +4 scale mail of the Everdark {Int-5 Slay+5}
   (You took it off a kobold on level 4 of the Dungeon)

   It affects your intelligence (-5).
   It affects your accuracy and damage with ranged weapons and melee attacks
   (+5).
 y - a +0 buckler (worn)
 U - a +2 chain mail of poison resistance (worn)
 V - a +0 pair of gloves (worn)
Jewellery
 b - an uncursed ring of positive energy
 d - the ring "Ypytor" (left hand) {rC+ rN++ AC+2 Str+4}
   (You found it on level 2 of the Abyss)

   [ring of protection]

   It affects your AC (+2).
   It affects your strength (+4).
   It protects you from cold.
   It greatly protects you from negative energy.
 f - an uncursed ring of protection from cold
 v - a +3 ring of protection
 x - an uncursed ring of protection from fire
 B - a +4 ring of evasion
 N - the ring of Furcha {rF++ rN+}
   (You found it on level 1 of the Spider Nest)

   [ring of positive energy]

   It greatly protects you from fire.
   It protects you from negative energy.
 S - the ring of Qyan (right hand) {rF+ MR+ Int+3}
   (You found it on level 8 of the Dungeon)

   [ring of protection from magic]

   It affects your intelligence (+3).
   It protects you from fire.
   It affects your resistance to hostile enchantments.
Wands
 q - a wand of random effects (72)
 s - a wand of clouds (4)
 u - a wand of digging (5)
 O - a wand of paralysis (13)
 P - a wand of enslavement (12)
 T - a wand of polymorph (8)
Scrolls
 m - 6 scrolls of magic mapping
 w - 4 scrolls of remove curse
 A - a scroll of acquirement
 D - 10 scrolls of amnesia
 E - a scroll of summoning
 F - 4 scrolls of fog
 J - 2 scrolls of silence {unknown}
 M - 2 scrolls of enchant armour {unknown}
 Q - 2 scrolls of torment {unknown}
 R - 2 scrolls of enchant weapon {unknown}
 W - a scroll of immolation {unknown}
 Y - 3 scrolls of fear {unknown}
Potions
 e - 4 potions of heal wounds
 h - 2 potions of ambrosia
 l - 2 potions of cancellation
 n - 5 potions of curing
 r - 3 potions of lignification
 z - 2 potions of flight
 C - a potion of resistance {unknown}
 H - 2 potions of magic
 I - a potion of might
 L - 2 potions of berserk rage {unknown}
 X - a potion of invisibility {unknown}
 Z - 2 potions of agility
Miscellaneous
 a - a lamp of fire
 j - a fan of gales
Comestibles
 c - 18 rations


   Skills:
 + Level 14.1 Fighting
 + Level 17.2 Polearms
   Level 0.7(11.6) Staves
 + Level 11.4 Armour
 + Level 6.1 Dodging
 + Level 3.8 Stealth
 + Level 7.2 Shields
 * Level 6.6 Invocations
 + Level 0.7 Evocations


You had 11 spell levels left.
You knew the following spells:

 Your Spells              Type           Power        Failure   Level  Hunger
a - Confuse               Hex            #.......     97%         3    ####...

Your spell library contained the following spells:

 Spells                   Type           Power        Failure   Level  Hunger
 Animate Skeleton         Necr           N/A          73%         1    ##.....
 Apportation              Tloc           #.....       73%         1    ##.....
 Confusing Touch          Hex            #.....       73%         1    ##.....
 Corona                   Hex            #......      73%         1    ##.....
 Summon Small Mammal      Summ           #...         73%         1    ##.....
 Call Imp                 Summ           #.......     86%         2    ###....
 Ensorcelled Hibernation  Hex/Ice        #.....       86%         2    ###....
 Poisonous Vapours        Pois/Air       #.....       86%         2    ###....
 Call Canine Familiar     Summ           #.......     97%         3    ####...
 Conjure Flame            Conj/Fire      #.......     97%         3    ####...
 Dazzling Spray           Conj/Hex       #.....       97%         3    ####...
 Mephitic Cloud           Conj/Pois/Air  #.......     97%         3    ####...
 Summon Guardian Golem    Hex/Summ       #.......     97%         3    ####...
 Tukima's Dance           Hex            #.......     97%         3    ####...
 Summon Ice Beast         Ice/Summ       #.......     100%        4    #####..
 Summon Lightning Spire   Summ/Air       #.......     100%        4    #####..
 Freezing Cloud           Conj/Ice/Air   #.........   100%        6    #######
 Ring of Flames           Chrm/Fire      #.........   100%        7    #######


Dungeon Overview and Level Annotations

Branches:
Dungeon (12/15)            Temple (0/1) D:4            Lair (6/6) D:8
 Shoals (0/4) Lair:3       Spider (1/4) Lair:4        Slime (0/5) Lair:5
    Orc (0/2) D:12

Altars:
Okawaru
Vehumet

Shops:
D:10 %   D:11 *

Portals:
Trove: D:12 (give +3 gold dragon scales)

Annotations:
D:12 jazmu's ghost, journeyman GrFE
Lair:2 exclusion: 4 oklob plants


Innate Abilities, Weirdness & Mutations

You cannot be hasted, slowed, berserked, paralysed or teleported.
You can dig through walls and to a lower floor.
Your four strong arms can wield two-handed weapons with a shield.
You have a pair of large antennae on your head. (SInv)


Message History

* * * LOW HITPOINT WARNING * * *
You are even more entangled.
The jumping spider bites you!
* * * LOW HITPOINT WARNING * * *
There is a web, spattered with blood here.
Space bends sharply around you!
The redback blinks!
The jumping spider leaps!
You blink.
* * * LOW HITPOINT WARNING * * *
You feel very sick.
You feel better.
Are you sure you want to shaft yourself?
You feel quite a bit more hungry.
The entropy weaver gestures wildly while chanting.
The entropic weave corrodes you!
The jumping spider leaps!
You begin to dig a shaft.
You continue digging a shaft.
The redback bites you.
* * * LOW HITPOINT WARNING * * *
The jumping spider pounces on you!!
* * * LOW HITPOINT WARNING * * *
The jumping spider bites you.
You die...

#.#.#......s(^.....#.#########
####.......#.#..#...#.#.#.#.#.
#......°..#.##......#†#.#.#.#
#.........#.##......#########
#.........#.....#....## ##{
#........s#....#...##.#####..
##......##.a.a.....^#......#.
#.########.as.#...........#. ####
###..#@.##.....#....##.
##.###..####s#......##...###
#.....### ##........#...# #
#......## ##.......#...# #
##.......## ###.......#...###
###.........###.........#....#.
###...............##.............
#..##..........#..##...........##
##.#..............##.....##...


You could see an entropy weaver, a soldier ant, 2 jumping spiders, a redback and
a worker ant.

Vanquished Creatures
  Kirke (D:12)
  A ghost moth (Spider:1)
  Josephine (D:12)
  A merfolk impaler (D:12)
  4 hydras
  A merfolk avatar (Lair:6)
  5 two-headed ogres
  Sonja (Lair:2)
  4 skeletal warriors (D:12)
  A deep elf knight (D:12)
  3 sea snakes (Lair:6)
  4 unseen horrors
  2 orc knights (D:12)
  A harpy (Lair:6)
  3 orb spiders (Spider:1)
  2 ugly things
  7 wolf spiders (Spider:1)
  4 manticores
  A cyclops (D:12)
  A centaur zombie (D:12)
  8 black mambas
  5 elephants (Lair:6)
  Psyche (D:12)
  A gargoyle (D:11)
  2 centaur skeletons
  12 spiny frogs
  8 rime drakes
  9 komodo dragons
  A demonic crawler (Spider:1)
  7 jumping spiders (Spider:1)
  A wind drake (Lair:6)
  4 trolls
  4 polar bears (Lair:6)
  A hornet (Spider:1)
  8 blink frogs
  6 slime creatures (D:12)
  A snapping turtle (Lair:3)
  2 dream sheep (D:8)
  6 hippogriffs
  12 redbacks (Spider:1)
  Sigmund (D:2)
  7 tarantellas (Spider:1)
  3 wyverns
  3 wraiths (D:12)
  43 yaks
  A vampire (D:12)
  2 basilisks
  4 hogs (D:12)
  3 vampire mosquitoes (D:10)
  An acid dragon (D:12)
  6 soldier ants
  10 water moccasins
  6 porcupines
  8 orc warriors
  5 ice beasts
  4 sky beasts
  A black bear (D:8)
  An eye of draining (D:12)
  A phantom (D:4)
  6 ogres
  4 wolves (Lair:1)
  7 centaurs
  7 crocodiles
  5 big kobolds
  16 bullfrogs
  3 scorpions
  15 killer bees
  15 wights
  6 electric eels
  4 howler monkeys
  7 crimson imps
  A hound (D:7)
  2 gnoll shamans
  10 orc priests
  3 bullfrog skeletons
  5 jellies
  9 orc wizards
  2 iguanas
  17 worker ants
  A killer bee zombie (D:8)
  A hound skeleton (D:10)
  11 adders
  19 gnolls
  A howler monkey skeleton (D:9)
  A shadow imp (D:6)
  5 oozes
  An adder skeleton (D:7)
  A dart slug (D:1)
  6 leopard geckos
  45 orcs
  4 ball pythons
  4 giant cockroaches
  2 goblins (D:1)
  7 hobgoblins
  26 jackals
  5 quokkas
  4 bats
  8 frilled lizards
  A giant cockroach zombie (D:5)
  A jackal skeleton (D:4)
  38 kobolds
  A leopard gecko zombie (D:6)
  4 rats
  3 plants
601 creatures vanquished.

Vanquished Creatures (others)
  A redback (Spider:1)
  A human (D:12)
  An adder (D:10)
  5 fungi
  8 plants
16 creatures vanquished.

Grand Total: 617 creatures vanquished

Notes
Turn   | Place    | Note
-------+----------+-------------------------------------------
     0 | Abyss:1  | Kairos the Formicid Abyssal Knight began the quest for the
                  | Orb.
     0 | Abyss:1  | Reached XP level 1. HP: 18/18 MP: 2/2
   122 | Abyss:2  | Noticed a smoke demon
   131 | Abyss:2  | Got a clouded tin ring
   132 | Abyss:2  | Identified the ring "Ypytor" {rC+ rN++ AC+2 Str+4} (You
                  | found it on level 2 of the Abyss)
   143 | Abyss:2  | Noticed a quasit
   144 | Abyss:2  | Noticed an orange demon
   176 | Abyss:2  | Noticed an iron imp
   179 | D:1      | Escaped the Abyss
   320 | D:1      | Reached XP level 2. HP: 24/24 MP: 3/3
   560 | D:1      | Reached * piety under Lugonu
   877 | D:2      | Noticed Sigmund
   885 | D:2      | Killed Sigmund
   885 | D:2      | Reached skill level 3 in Polearms
   885 | D:2      | Reached skill level 1 in Dodging
   885 | D:2      | Reached XP level 3. HP: 28/32 MP: 4/4
   885 | D:2      | Reached XP level 4. HP: 33/38 MP: 5/5
   885 | D:2      | Reached XP level 5. HP: 38/43 MP: 6/6
   919 | D:2      | Found a faded altar of an unknown god.
  1331 | D:2      | Noticed a bullfrog
  1340 | D:2      | Killed a bullfrog
  1340 | D:2      | Reached skill level 5 in Fighting
  1340 | D:2      | Reached skill level 4 in Polearms
  1340 | D:2      | Reached XP level 6. HP: 41/51 MP: 7/7
  1544 | D:3      | Noticed an ice beast
  2858 | D:3      | Reached ** piety under Lugonu
  2943 | D:3      | Killed an ice beast
  2943 | D:3      | Reached XP level 7. HP: 56/56 MP: 8/8
  3523 | D:4      | Reached skill level 1 in Stealth
  3544 | D:4      | Identified the +4 scale mail of the Everdark {Int-5 Slay+5}
  3569 | D:4      | Reached skill level 5 in Polearms
  3709 | D:4      | Found a staircase to the Ecumenical Temple.
  3803 | D:4      | Reached XP level 8. HP: 62/63 MP: 9/9
  4903 | D:5      | Entered Level 5 of the Dungeon
  4909 | D:5      | Reached skill level 6 in Polearms
  4931 | D:5      | Reached skill level 5 in Armour
  5065 | D:5      | Reached *** piety under Lugonu
  5601 | D:6      | Reached skill level 7 in Polearms
  5650 | D:6      | Reached XP level 9. HP: 71/71 MP: 10/10
  5786 | D:6      | Found a glowing drain.
  5799 | D:6      | Reached **** piety under Lugonu
  5813 | Sewer    | Entered a sewer
  6452 | D:6      | Identified a scroll of acquirement
  6539 | D:6      | Reached skill level 8 in Polearms
  6539 | D:6      | Reached skill level 1 in Shields
  7011 | D:7      | Noticed a hippogriff
  7022 | D:7      | Killed a hippogriff
  7022 | D:7      | Reached skill level 9 in Polearms
  7129 | D:7      | Reached XP level 10. HP: 79/79 MP: 11/11
  7314 | D:7      | Found a radiant altar of Vehumet.
  7685 | D:8      | You fall through a shaft for 2 floors!
  7685 | D:10     | Entered Level 10 of the Dungeon
  7685 | D:10     | Found Bikoga's Food Shop.
  7690 | D:10     | Reached ***** piety under Lugonu
  7690 | D:10     | Reached skill level 10 in Polearms
  7749 | D:10     | Noticed an unseen horror
  7759 | D:10     | Killed an unseen horror
  7762 | D:10     | Noticed a two-headed ogre
  7774 | D:9      | Killed a two-headed ogre
  7777 | D:9      | Reached skill level 11 in Polearms
  7861 | D:9      | Reached XP level 11. HP: 81/87 MP: 12/12
  8093 | D:9      | Noticed an unseen horror
  8101 | D:9      | Killed an unseen horror
  8508 | D:8      | Found a staircase to the Lair.
  8711 | D:8      | Got a translucent glass ring
  8722 | D:8      | Identified the ring of Qyan {rF+ MR+ Int+3} (You found it
                  | on level 8 of the Dungeon)
  8988 | D:8      | Noticed a two-headed ogre
  8998 | D:8      | Killed a two-headed ogre
  8998 | D:8      | Reached skill level 12 in Polearms
  9231 | D:8      | Noticed a three-headed hydra
  9264 | D:8      | Killed a three-headed hydra
  9770 | D:10     | Noticed a two-headed ogre
  9784 | D:10     | Killed a two-headed ogre
 10294 | D:10     | Reached skill level 13 in Polearms
 10316 | D:10     | Noticed a two-headed ogre
 10323 | D:10     | Killed a two-headed ogre
 10323 | D:10     | Reached XP level 12. HP: 58/96 MP: 13/13
 10585 | D:10     | Noticed a two-headed ogre
 10589 | D:10     | Killed a two-headed ogre
 10919 | D:10     | Noticed an unseen horror
 10922 | D:10     | Killed an unseen horror
 11591 | D:11     | Noticed an unseen horror
 11597 | D:11     | Killed an unseen horror
 11597 | D:11     | Reached skill level 10 in Fighting
 11616 | D:11     | Found Poohantysm's Pet Rocks.
 11663 | D:11     | Reached skill level 14 in Polearms
 12067 | D:11     | Reached skill level 5 in Dodging
 12543 | D:12     | Noticed Psyche
 12552 | D:12     | Killed Psyche
 12563 | D:12     | Reached ****** piety under Lugonu
 12627 | D:12     | Reached XP level 13. HP: 100/104 MP: 14/14
 12676 | D:12     | Found a portal to a secret trove of treasure.
 13274 | D:12     | Found a staircase to the Orcish Mines.
 13724 | D:12     | Noticed Kirke
 13750 | D:12     | Killed Kirke
 13750 | D:12     | Reached skill level 15 in Polearms
 13798 | D:12     | Noticed jazmu's ghost (journeyman GrFE)
 13799 | D:12     | Found a runed translucent gate.
 13799 | D:12     | Found a runed translucent gate.
 13799 | D:12     | Found a runed translucent gate.
 13799 | D:12     | Noticed a merfolk impaler
 13800 | D:12     | Found an iron altar of Okawaru.
 14133 | D:12     | Noticed Josephine
 14149 | D:12     | Killed Josephine
 14541 | D:12     | Reached skill level 5 in Shields
 14844 | D:12     | Killed a merfolk impaler
 15158 | Lair:1   | Entered Level 1 of the Lair of Beasts
 15465 | Lair:1   | Reached skill level 16 in Polearms
 15485 | Lair:1   | Reached XP level 14. HP: 105/114 MP: 15/15
 15666 | Lair:1   | Got a dazzling flail
 16317 | Lair:2   | Noticed Sonja
 16320 | Lair:2   | Killed Sonja
 17572 | Lair:3   | Found a staircase to the Shoals.
 17723 | Lair:4   | Reached skill level 10 in Armour
 17880 | Lair:4   | Identified the +7 flail of Vanity {crush, Str+4 Dex+2} (You
                  | found it on level 1 of the Lair of Beasts)
 17901 | Lair:4   | Found a hole to the Spider Nest.
 17909 | Lair:4   | You fall through a shaft for 2 floors!
 17909 | Lair:6   | Entered Level 6 of the Lair of Beasts
 18119 | Lair:5   | Found a staircase to the Slime Pits.
 19003 | Lair:5   | Learned a level 3 spell: Confuse
 19894 | Lair:6   | Reached XP level 15. HP: 69/124 MP: 18/18
 20700 | Lair:6   | Got an ichor-stained ring mail
 20716 | Lair:6   | Identified the cursed +0 ring mail of Subjectivity {+Blink
                  | rC+ Str-2} (You found it on level 6 of the Lair of Beasts)
 20758 | Lair:6   | Reached skill level 17 in Polearms
 20841 | Lair:6   | Reached skill level 5 in Invocations
 21367 | Spider:1 | Entered Level 1 of the Spider Nest
 21721 | Spider:1 | Noticed a ghost moth
 21739 | Spider:1 | Killed a ghost moth
 22815 | Spider:1 | Got a crude platinum ring
 22817 | Spider:1 | Identified the ring of Furcha {rF++ rN+} (You found it on
                  | level 1 of the Spider Nest)
 23610 | Spider:1 | HP: 3/126 [jumping spider (20)]
 23610 | Spider:1 | Slain by a jumping spider

Skill      XL: |  1  2  3  4  5  6  7  8  9 10 11 12 13 14 15 |
---------------+----------------------------------------------+-----
Fighting       | 4 5 6 7 8 9 10 11 13 14 | 14.1
Polearms       | 3 4 5 7 9 11 13 14 16 17 | 17.2
Armour         | 3 4 5 6 7 8 9 10 11 | 11.4
Dodging        | 1 2 3 4 5 6 |  6.1
Stealth        | 1 2 3 |  3.8
Shields        | 1 2 3 4 5 6 7 |  7.2
Invocations    | 4 6 |  6.6
Staves         | |  0.7
Evocations     | |  0.7

Action                   |  1- 3 |  4- 6 |  7- 9 | 10-12 | 13-15 || total
-------------------------+-------+-------+-------+-------+-------++-------
Melee: Spear             |    49 |   150 |   108 |       |       ||   307
       Quarterstaff      |       |     5 |       |       |       ||     5
       Trident           |       |       |    23 |    22 |       ||    45
       Halberd           |       |       |   339 |   540 |   618 ||  1497
       Demon trident     |       |       |       |       |   654 ||   654
Invok: Depart the Abyss  |     1 |       |       |       |       ||     1
       Bend Space        |       |       |       |       |     4 ||     4
 Abil: Dig               |     2 |     3 |    10 |     8 |    17 ||    40
       Shaft Self        |       |       |       |       |     1 ||     1
Evoke: Wand              |       |     2 |       |       |     3 ||     5
  Use: Scroll            |       |     5 |     6 |     2 |    11 ||    24
       Potion            |       |     1 |       |     2 |     4 ||     7
  Eat: Chunk             |       |     6 |     7 |    14 |    28 ||    55
       Ration            |       |       |     4 |     3 |     6 ||    13
Armor: Leather armour    |    14 |       |       |       |       ||    14
       Ring mail         |     4 |    72 |    16 |       |       ||    92
       Scale mail        |       |       |   134 |   156 |   189 ||   479
       Chain mail        |       |       |       |       |   207 ||   207
Dodge: Dodged            |    35 |    74 |   260 |   307 |   416 ||  1092
Block: Buckler           |       |       |    37 |    74 |   163 ||   274
